 Dungeon Crawl Stone Soup version 0.30-a0-867-g305f33218d (webtiles) character file.

Game seed: 16507146435474569135

120 Grim the Shooter (level 5, -5/30 HPs)
             Began as a Kobold Hunter on Mar 10, 2023.
             Slain by a gnoll
             ... wielding a +0 flail
              (9 damage)
             ... on level 3 of the Dungeon.
             The game lasted 00:03:05 (2133 turns).

Grim the Shooter (Kobold Hunter)                    Turns: 2133, Time: 00:03:05

Health: -5/30      AC:  3    Str:  9    XL:     5   Next: 25%
Magic:  5/5        EV: 19    Int: 10    God:
Gold:   124        SH:  0    Dex: 20    Spells: 4/4 levels left

rFire   . . .      SeeInvis .    b - +0 short sword
rCold   . . .      Faith    .    (no shield)
rNeg    . . .      Spirit   .    c - +0 leather armour
rPois   .          Reflect  .    (no helmet)
rElec   .          Rampage  .    (no cloak)
rCorr   .                        (no gloves)
Will    .....                    (no boots)
Stlth   ++++                     (no amulet)
HPRegen 0.25/turn                k - +5 ring of evasion
MPRegen 0.09/turn                (no ring)

@: no status effects
A: small, no large weapons, nightstalker 3
a: no special abilities


You were on level 3 of the Dungeon.
You visited 1 branch of the dungeon, and saw 3 of its levels.

You collected 124 gold pieces.

Inventory:

Hand Weapons
 a - a +0 shortbow
 b - a +0 short sword (weapon)
 r - a +0 dagger
Armour
 c - a +0 leather armour (worn)
Jewellery
 k - a +5 ring of evasion (left hand)
 w - a ring of resist corrosion
Scrolls
 d - 2 scrolls of poison {unknown}
 e - a scroll of fear {unknown}
 f - 2 scrolls of immolation
 i - a scroll of torment {unknown}
 j - a scroll of magic mapping {unknown}
 l - 2 scrolls of identify {unknown}
 m - a scroll of blinking {unknown}
 n - 2 scrolls of enchant armour {unknown}
 o - a scroll of vulnerability {unknown}
 s - 2 scrolls of teleportation {unknown}
 u - a scroll of fog {unknown}
Potions
 g - a potion of magic {unknown}
 h - 3 potions of curing {unknown}
 p - a potion of haste {unknown}
 q - a potion of attraction {unknown}
 t - a potion of brilliance {unknown}
 v - a potion of mutation {unknown}
 x - a potion of lignification {unknown}
 z - a potion of degeneration {unknown}


   Skills:
 - Level 2.1 Fighting
 + Level 0.1 Short Blades
 * Level 7.3 Ranged Weapons
 - Level 2.4 Dodging
 - Level 3.9 Stealth


You had 4 spell levels left.
You didn't know any spells.
Your spell library contained the following spells:

 Spells                   Type           Power      Damage    Failure   Level
 Apportation              Tloc           0%         N/A       47%         1
 Alistair's Intoxication  Tmut/Pois      0%         N/A       100%        5


Dungeon Overview and Level Annotations

Branches:
Dungeon (3/15)

Altars:
Xom


Innate Abilities, Weirdness & Mutations

You are small and have problems with some larger weapons.
You are completely attuned to the shadows.


Message History

The jackal closely misses you.
You barely miss the jackal.
The gnoll hits you from afar with a +2 heavy spear!
The jackal barely misses you. The jackal attacks as you move away!
The jackal misses you.
You barely miss the jackal. The jackal closely misses you.
You closely miss the jackal.
The jackal bites you but does no damage.
The jackal bites you. The jackal closely misses you.
You miss the jackal. The jackal bites you. The jackal closely misses you.
The jackal barely misses you.
You hit the jackal.
The jackal is almost dead.
The jackal misses you. x2
You hit the jackal.
You kill the jackal!
The jackal completely misses you. x2
The jackal barely misses you.
You see here a jackal corpse.
The jackal closely misses you.
You barely miss the jackal. The jackal completely misses you.
You hit the jackal but do no damage. The jackal closely misses you.
The gnoll hits you from afar with a +2 heavy spear.
You hit the jackal.
The jackal is severely wounded.
The jackal closely misses you. The gnoll misses you. The jackal misses you.
You hit the jackal.
You kill the jackal!
The gnoll completely misses you. The gnoll hits you with a +0 flail.
* * * LOW HITPOINT WARNING * * *
The gnoll attacks as you move away! The gnoll completely misses you.
You barely miss the gnoll. The gnoll misses you.
The gnoll hits you from afar with a +2 heavy spear.
* * * LOW HITPOINT WARNING * * *
You hit the gnoll but do no damage. The gnoll misses you.
You hit the gnoll but do no damage.
The gnoll hits you from afar with a +2 heavy spear!
* * * LOW HITPOINT WARNING * * *
You hit the gnoll but do no damage. The gnoll hits you with a +0 flail!
You die...

#.#####.# ##.#### #.#
#.# #.....# #.#####.#
#.....# #.......#
#.....#
#######.###.....#####
######.............#
.............>.....#
##.................#
...........@.g...†.#
...........g######.#
##..........#.####.#
##..........#......####
##.)...................#
.#........... .........#
........###.. .........#
...##...# .. .........#
....#)..# ........#


You could see 2 gnolls.

Vanquished Creatures
  Terence (D:2)
  4 adders
  A dart slug (D:1)
  4 orcs (D:3)
  3 bats
  3 endoplasms
  2 giant cockroaches
  4 goblins (D:1)
  10 hobgoblins
  2 jackals (D:3)
  A quokka (D:2)
  3 ball pythons
  4 frilled lizards
  6 kobolds
  3 rats (D:1)
51 creatures vanquished.

Notes
Turn   | Place    | Note
-------+----------+-------------------------------------------
     0 | D:1      | Grim the Kobold Hunter began the quest for the Orb.
     0 | D:1      | Reached XP level 1. HP: 12/12 MP: 1/1
   141 | D:1      | Reached XP level 2. HP: 17/17 MP: 2/2
   337 | D:1      | Reached skill level 6 in Ranged Weapons
   346 | D:1      | Reached XP level 3. HP: 21/21 MP: 3/3
   751 | D:1      | Found a faded altar of an unknown god.
   899 | D:2      | Found a shimmering altar of Xom.
   930 | D:2      | Reached XP level 4. HP: 18/26 MP: 4/4
  1294 | D:2      | Noticed Terence
  1297 | D:2      | Killed Terence
  1509 | D:2      | Reached skill level 7 in Ranged Weapons
  1954 | D:3      | Reached XP level 5. HP: 30/30 MP: 5/5
  2133 | D:3      | Slain by a gnoll

Illustrated notes

Levels and vault maps discovered:
D:1:      dpeg_arrival_erosion, layout_basic,
          hellmonk_ecumenical_altar_leap_of_faith
D:2:      minmay_wonky_spiral, layout_basic, basic_altar, fountainhead,
          amcnicky_mini_pool_small, uniq_terence
D:3:      minmay_inner_zag, layout_basic, nicolae_ru_the_path_less_chosen,
          serial_shops, nicolae_shop_crystal, kennysheep_generic_room_13

Skill      XL: |  1  2  3  4 |
---------------+-------------+-----
Stealth        | 2 3 |  3.9
Ranged Weapons | 6 7 |  7.3
Fighting       | |  2.1
Short Blades   | |  0.1
Dodging        | |  2.4

Action                     |  1- 3 |  4- 6 || total
---------------------------+-------+-------++-------
  Melee: Unarmed           |     2 |       ||     2
         Dagger            |    36 |     1 ||    37
         Short sword       |       |    44 ||    44
   Fire: Shortbow          |    60 |    27 ||    87
 Armour: Leather armour    |     8 |     5 ||    13
  Dodge: Dodged            |    55 |    55 ||   110

Table legend: (Time is in decaauts)
 A = Elapsed time spent in this place.
 B = Non-inter-level travel time spent in this place.
 C = Inter-level travel time spent in this place.
 D = Time resting spent in this place.
 E = Time spent auto-exploring this place.
 F = Levels seen in this place.
 G = Mean time per level.
                   A        B        C        D        E       F      G
               +--------+--------+--------+--------+--------+-----+--------+
         Total |   2139 |   2099 |     40 |    181 |   1605 |   3 |  713.0 |
       Dungeon |   2139 |   2099 |     40 |    181 |   1605 |   3 |  713.0 |
               +--------+--------+--------+--------+--------+-----+--------+

Top non-repeatable levels by time:
     D:2: 1095 daAuts
     D:1: 781 daAuts
     D:3: 262 daAuts
